 Dungeon Crawl Stone Soup version 0.22.0 (console) character file.

20 removed the Conjurer (level 2, 0/22 HPs)
             Began as a Deep Dwarf Conjurer on Aug 11, 2018.
             Slain by a gnoll
             ... wielding a +0 hand axe
              (11 damage)
             ... on level 1 of the Dungeon.
             The game lasted 00:02:41 (1169 turns).

removed the Conjurer (Deep Dwarf Conjurer)          Turns: 1169, Time: 00:02:42

Health: 0/22       AC:  2    Str: 11    XL:     2   Next: 58%
Magic:  0/4        EV: 12    Int: 15    God:
Gold:   62         SH:  0    Dex: 13    Spells: 1/4 levels left

rFire    . . .     SeeInvis .   h - +0 spear
rCold    . . .     Gourm    .   (no shield)
rNeg     . . .     Faith    .   a - +0 robe
rPois    .         Spirit   .   (no helmet)
rElec    .         Reflect  .   (no cloak)
rCorr    .         Harm     .   (no gloves)
MR       .....                  (no boots)
Stlth    ++........             (no amulet)
HPRegen  0.00/turn              (no ring)
MPRegen  0.09/turn              (no ring)

@: very slightly contaminated, non-regenerating
A: damage resistance, heal wounds, sense surroundings 1, no regeneration
a: Heal Wounds


You were on level 1 of the Dungeon.
You were hungry.

You visited 1 branch of the dungeon, and saw 1 of its levels.

You collected 62 gold pieces.

Inventory:

Hand Weapons
 h - a +0 spear (weapon)
Armour
 a - a +0 robe (worn)
Scrolls
 g - a scroll of identify {unknown}
Potions
 e - a potion of mutation {unknown}
 f - a potion of lignification {unknown}
 i - a potion of flight {unknown}
Comestibles
 c - 2 rations


   Skills:
 - Level 2.1 Dodging
 - Level 2.4 Stealth
 - Level 1.7 Spellcasting
 + Level 4.3 Conjurations


You had one spell level left.
You knew the following spells:

 Your Spells              Type           Power        Failure   Level  Hunger
a - Magic Dart            Conj           ##..         3%          1    ##.....
b - Searing Ray           Conj           ##....       6%          2    ###....

Your spell library contained the following spells:

 Spells                   Type           Power        Failure   Level  Hunger
 Iskenderun's Mystic Bla  Conj           ##......     36%         4    #####..
 Fulminant Prism          Conj/Hex       #.........   67%         4    #####..
 Dazzling Spray           Conj/Hex       #.....       28%         3    ####...
 Force Lance              Conj/Tloc      #.......     67%         4    #####..


Dungeon Overview and Level Annotations

Branches:
Dungeon (1/15)

Altars:


Innate Abilities, Weirdness & Mutations

You are resistant to damage.
You can heal yourself by infusing magical energy.
You passively map a small area around you.
You do not regenerate.


Message History

Aim: a gnoll, wielding a hand axe You miscast Searing Ray.
You are very lightly contaminated with residual magic.
Nothing appears to happen.
Casting: Searing Ray (safe; 6% risk of failure)
Confirm with . or Enter, or press ? or * to list all spells.
Okay, then.
Casting: Searing Ray (safe; 6% risk of failure)
Confirm with . or Enter, or press ? or * to list all spells.
Aiming: Searing Ray (safe; 6% risk of failure)
Press: ? - help, Shift-Dir - straight line, f/p - gnoll
Aim: a gnoll, wielding a hand axe The searing ray hits the gnoll.
The gnoll is moderately wounded. (Press . to maintain the ray.)
The searing ray hits the gnoll.
The gnoll is heavily wounded.
The gnoll hits you with a hand axe!
Ouch! That really hurt!
You die...

(#.#..#.# #........'()...........
.#....#.# #........####..........
.#.#.##.###........# #####......
.#.......##........# #.#####
.###..#..........### #......
.#....##.########################
>............... .............).
............#.###########.#######
................@g...............
.......#.##.#.#.#########.#####.#
†#####.#.##.#.#.# #..##.... .#
#.#.##.#.#.##########.##.#.# .#
#.#.##.#.#.........##.##.#.# .#
#.#.##.#.######....##.##.#g#
#.#...........#....##.##.#.# .
#.####........#†..†##..#.#.# .,
.............#....###.#.#.#


You could see a gnoll.

Vanquished Creatures
  A dart slug (D:1)
  2 goblins (D:1)
  3 hobgoblins (D:1)
  3 bats (D:1)
  2 frilled lizards (D:1)
  4 kobolds (D:1)
  4 rats (D:1)
19 creatures vanquished.

Notes
Turn   | Place    | Note
-------+----------+-------------------------------------------
     0 | D:1      | removed the Deep Dwarf Conjurer began the quest for the Orb.
     0 | D:1      | Reached XP level 1. HP: 15/15 MP: 3/3
   425 | D:1      | Reached skill level 4 in Conjurations
   663 | D:1      | Reached XP level 2. HP: 11/22 MP: 0/4
   709 | D:1      | Learned a level 2 spell: Searing Ray
  1169 | D:1      | Slain by a gnoll

Skill      XL: |  1 |
---------------+----+-----
Conjurations   | 4 |  4.3
Dodging        | |  2.1
Stealth        | |  2.4
Spellcasting   | |  1.7

Action                   || total
-------------------------++-------
Melee: Unarmed           ||     4
 Cast: Magic Dart        ||    46
       Searing Ray       ||     1
  Eat: Chunk             ||     1
Armor: Robe              ||     2
Dodge: Dodged            ||     5
